 Dungeon Sprint DCSS version 0.23-a0-183-gf37f6fb (webtiles) character file.

805 digijack the Fighter (level 7, -5/109 HPs)
             Began as a Minotaur Fighter on Sept 23, 2018.
             Slain by a sun demon (7 damage)
             ... summoned by a kobold demonologist
             ... in the Dungeon (Sprint I: "Red Sonja").
             The game lasted 00:03:03 (599 turns).

digijack the Fighter (Minotaur Fighter)              Turns: 599, Time: 00:03:05

Health: -5/109     AC: 11    Str: 27    XL:     7   Next: 60%
Magic:  6/6        EV:  9    Int:  5    God:
Gold:   270        SH: 12    Dex: 10    Spells: 6/6 levels left

rFire    + . .     SeeInvis .   a - +0 flail
rCold    . . .     Gourm    .   c - +0 shield
rNeg     . . .     Faith    .   l - +4 ring mail {rF+}
rPois    .         Spirit   .   (helmet restricted)
rElec    .         Reflect  .   (no cloak)
rCorr    .         Harm     .   (no gloves)
MR       .....     NoTele   +   (no boots)
Stlth    ..........             (no amulet)
HPRegen  0.28/turn              (no ring)
MPRegen  0.10/turn              (no ring)

@: mighty, berserking (expiring), very quick
A: retaliatory headbutt, horns 2
a: no special abilities


You were in the Dungeon.
You were not hungry.

You visited 1 branch You collected 270 gold pieces.

Inventory:

Hand Weapons
 a - a +0 flail (weapon)
Armour
 c - a +0 shield (worn)
 l - a +4 ring mail of fire resistance (worn)
Scrolls
 k - a scroll of blinking
Potions
 e - a potion of curing
 g - a potion of heal wounds
 h - a potion of haste
 i - 2 potions of magic
Comestibles
 f - a ration


   Skills:
 + Level 10.6 Fighting
 + Level 10.3 Maces & Flails
 + Level 10.6 Armour
 + Level 10.6 Shields


You had 6 spell levels left.
You didn't know any spells.
Your spell library was empty.

Dungeon Overview and Level Annotations

Branches:
Dungeon (1/1)

Altars:
Makhleb
Xom
Jiyva
Lugonu


Innate Abilities, Weirdness & Mutations

You reflexively headbutt those who attack you in melee.
You have a pair of horns on your head.


Message History

You hit the sun demon but do no damage.
The sun demon is heavily wounded.
The sun demon hits you.
* * * LOW HITPOINT WARNING * * *
You are engulfed in flames!
You resist.
* * * LOW HITPOINT WARNING * * *
The crimson imp blinks!
You are too berserk!
You miss the sun demon. You headbutt the sun demon!
The sun demon is severely wounded.
The kobold demonologist gestures wildly while chanting.
The sun demon completely misses you. You furiously retaliate!
You headbutt the sun demon, but do no damage.
You closely miss the sun demon.
The sun demon is severely wounded.
The kobold demonologist looks satisfied for a moment.
The sun demon hits you!
* * * LOW HITPOINT WARNING * * *
You are engulfed in flames!
You resist.
You die...

#########################
#<.#..').#3.'..#__#..'...
#..'[.#5K4..#..'K.'..#.K.
#..#####3#####+#__#### ..
#..# #)@# #### # #..#
#### #..# #⌠⌠# ####


You could see a soul eater, a sun demon, an orange demon, a kobold demonologist
and a crimson imp.

Vanquished Creatures
  A kobold demonologist (D)
  A slime creature (D)
  Sigmund (D)
  A floating eye (D)
  An ogre (D)
  Ijyb (D)
6 creatures vanquished.

Vanquished Creatures (others)
  A gargoyle (D)
1 creature vanquished.

Grand Total: 7 creatures vanquished

Notes
Turn   | Place    | Note
-------+----------+-------------------------------------------
     0 | D        | digijack the Minotaur Fighter began the quest for the Orb.
     0 | D        | Reached XP level 1. HP: 19/19 MP: 0/0
     2 | D        | Noticed Ijyb
     8 | D        | Killed Ijyb
     8 | D        | Reached skill level 5 in Fighting
     8 | D        | Reached skill level 5 in Armour
     8 | D        | Reached skill level 5 in Shields
     8 | D        | Reached XP level 2. HP: 29/29 MP: 1/1
    26 | D        | Noticed an ogre
    30 | D        | Killed an ogre
    30 | D        | Reached XP level 3. HP: 18/38 MP: 2/2
    30 | D        | Reached XP level 4. HP: 21/45 MP: 3/3
   194 | D        | Noticed Sigmund
   217 | D        | Killed Sigmund
   217 | D        | Reached XP level 5. HP: 27/55 MP: 4/4
   217 | D        | Reached XP level 6. HP: 30/62 MP: 5/5
   387 | D        | Found a burning altar of Makhleb.
   387 | D        | Found a viscous altar of Jiyva.
   387 | D        | Found a shimmering altar of Xom.
   387 | D        | Found a corrupted altar of Lugonu.
   387 | D        | Noticed a slime creature
   398 | D        | Killed a slime creature
   445 | D        | Killed a gargoyle
   546 | D        | Noticed a kobold demonologist
   546 | D        | Noticed a floating eye
   546 | D        | Noticed a kobold demonologist
   552 | D        | Paralysed by a floating eye for 2 turns
   559 | D        | Killed a floating eye
   559 | D        | Reached XP level 7. HP: 71/71 MP: 6/6
   574 | D        | Noticed a red devil
   581 | D        | Noticed a sun demon
   582 | D        | Noticed an ice devil
   583 | D        | Killed a kobold demonologist
   583 | D        | Reached skill level 10 in Fighting
   583 | D        | Reached skill level 10 in Maces & Flails
   583 | D        | Reached skill level 10 in Armour
   583 | D        | Reached skill level 10 in Shields
   598 | D        | Noticed an orange demon
   599 | D        | Noticed a soul eater
   599 | D        | HP: 2/109 [sun demon[a kobold demonologist] (17)]
   599 | D        | Slain by a sun demon

Vault maps used:
D:        dungeon_sprint_1

Skill      XL: |  1  2  3  4  5  6  7 |
---------------+----------------------+-----
Fighting       | 5 6 8 9 10 | 10.6
Maces & Flails | 4 6 7 9 10 | 10.3
Armour         | 5 6 8 9 10 | 10.6
Shields        | 5 6 8 9 10 | 10.6

Action                   |  1- 3 |  4- 6 |  7- 9 || total
-------------------------+-------+-------+-------++-------
Melee: Flail             |    10 |    32 |    27 ||    69
       Headbutt          |     3 |     7 |     4 ||    14
  Use: Potion            |       |       |     2 ||     2
Armor: Scale mail        |     6 |       |       ||     6
       Ring mail         |       |     7 |    14 ||    21
Dodge: Dodged            |     2 |     2 |    17 ||    21
Block: Shield            |     2 |     2 |    26 ||    30

Table legend:
 A = Non-vault XP
 B = Vault XP
 C = Vault XP percentage of total XP
 D = Non-vault monster count
 E = Vault monster count
 F = Vault count percentage of total count
                 A         B        C        D         E       F
            +---------+---------+-------+---------+---------+-------
      Total |       0 |    1151 | 100.0 |       0 |       6 | 100.0
            +---------+---------+-------+---------+---------+-------
          D |       0 |    1151 | 100.0 |       0 |       6 | 100.0
            +---------+---------+-------+---------+---------+-------
